Map: Orbital Shipyard

Players

EverZtelecoM (telecom) - Winner!

  • Race: Zerg Zerg
  • League: Platinum

Ancestor

  • Race: Protoss Protoss
  • League: Platinum

VOD

Have the link to the VOD?

Description

Time

  • Played on: Sept. 27, 2015, 2:21 a.m.
  • Length: 3:24
Show
View Real Time Build Order
Export as new Build Order

EverZtelecoM Zerg - Winner!

Build Orders: Pool Only 

Get SALT Encoding   

  12  0:17  Spawning Pool  
  11  0:22  Drone  
  11  0:26  Drone  
  13  0:30  Drone  
  14  0:39  Overlord  
  14  1:04  Queen, Zergling x2  
  14  1:05  Zergling x4  
  19  1:16  Zergling x2  
  20  1:33  Zergling x2  
  21  1:42  Zergling x2  
  22  1:57  Extractor  
  15  2:54  Zergling x2  
Show
View Real Time Build Order
Export as new Build Order

Ancestor Protoss 

Build Orders: 1 Gate Expand 

Get SALT Encoding   

  12  0:00  Probe (Chrono Boost)  
  13  0:13  Pylon  
  13  0:17  Probe (Chrono Boost)  
  14  0:27  Probe (Chrono Boost)  
  15  0:37  Probe (Chrono Boost), Gateway  
  16  0:46  Probe (Chrono Boost)  
  17  1:07  Nexus  
  17  1:10  Probe (Chrono Boost)  
  18  1:16  Assimilator  
  18  1:20  Probe (Chrono Boost)  
  18  1:23  Assimilator  
  19  1:30  Pylon  
  19  1:31  Probe (Chrono Boost)  
  20  1:43  Probe (Chrono Boost)  
  21  1:49  Cybernetics Core  
  21  1:52  Probe (Chrono Boost)  
  22  1:57  Pylon  
  22  2:03  Probe (Chrono Boost)  
  22  2:07  Zealot (Chrono Boost)  
  22  2:08  Cybernetics Core  
  6  3:03  Probe  
Tags
 
Add a new tag
Caveats
  • Supply blocks, unpowered buildings, or Contaminate may cause inaccurate times.
  • Supply counts are checked every 10 seconds.